[ AOE2 MATCH · #493916813 ]
UnrankedPersians vs Hindustanis
[ REPLAY ANALYSIS · EXTRACTED FROM THE RECORDED GAME ]
Feudal
10:26
Castle
13:43
Imperial
31:56
| APM avg | 43.1 |
| APM peak | 78 |
| eAPM avg | 27.8 |
| Villagers / military | 165 / 452 |
Focus
⚔️ 39.0% · 🌾 61.0%
Spearman ×215 · Knight ×205 · Camel Scout ×26 · Trebuchet (Packed) ×6
Feudal
10:58
Castle
14:56
Imperial
28:43
| APM avg | 37.7 |
| APM peak | 78 |
| eAPM avg | 23.7 |
| Villagers / military | 249 / 459 |
Focus
⚔️ 30.5% · 🌾 69.5%
Ghulam ×185 · Camel Scout ×154 · Scout Cavalry ×63 · Hand Cannoneer ×46 · Trebuchet (Packed) ×9 · Monk ×2
Feudal
10:38
Castle
14:19
Imperial
—
| APM avg | 19.1 |
| APM peak | 56 |
| eAPM avg | 10.6 |
| Villagers / military | 65 / 38 |
Focus
⚔️ 23.4% · 🌾 76.6%
Spearman ×16 · Monk ×14 · Mangonel ×7 · Eagle Scout ×1
Feudal
8:27
Castle
19:29
Imperial
33:12
| APM avg | 46.6 |
| APM peak | 95 |
| eAPM avg | 29.9 |
| Villagers / military | 179 / 344 |
Focus
⚔️ 37.5% · 🌾 62.5%
Knight ×157 · Scout Cavalry ×102 · Spearman ×70 · Battering Ram ×14 · Camel Scout ×1
Feudal
11:21
Castle
14:52
Imperial
35:37
| APM avg | 34.6 |
| APM peak | 80 |
| eAPM avg | 22.4 |
| Villagers / military | 169 / 187 |
Focus
⚔️ 38.2% · 🌾 61.8%
Archer ×113 · Longbowman ×74
Feudal
10:24
Castle
14:46
Imperial
—
| APM avg | 50.2 |
| APM peak | 111 |
| eAPM avg | 29.6 |
| Villagers / military | 226 / 171 |
Focus
⚔️ 24.0% · 🌾 76.0%
Archer ×125 · Skirmisher ×34 · Battering Ram ×10 · Iron Pagoda ×2
Feudal
10:40
Castle
14:52
Imperial
39:59
| APM avg | 53.0 |
| APM peak | 114 |
| eAPM avg | 34.6 |
| Villagers / military | 310 / 479 |
Focus
⚔️ 28.8% · 🌾 71.2%
Spearman ×156 · Knight ×115 · Scout Cavalry ×104 · Camel Scout ×77 · Camel Archer ×27
Feudal
10:55
Castle
14:51
Imperial
32:36
| APM avg | 63.0 |
| APM peak | 132 |
| eAPM avg | 33.3 |
| Villagers / military | 138 / 331 |
Focus
⚔️ 63.3% · 🌾 36.7%
Militia ×95 · Spearman ×72 · Scout Cavalry ×59 · Hand Cannoneer ×51 · Gbeto ×27 · Trebuchet (Packed) ×15
Match map
Initial resources + every placement click. Lines = walls · curves = elevation contours. ◆ gold · ⬟ stone · ● berries · ✦ relic · ◌ wall gap
Your base· ✓ Closed at 13:43 · 0t walls · 2 gate(s)
托尼's base· ✓ Closed at 14:56 · 0t walls · 3 gate(s)
Albert's base· ✓ Closed at 14:19 · 0t walls · 3 gate(s)
Ux'Tycho0201's base· ✓ Closed at 19:29 · 0t walls · 3 gate(s)
paulovmcm's base· ✓ Closed at 14:52 · 0t walls · 2 gate(s)
[GdSur] Mate_Amargo's base· ✓ Closed at 14:46 · 0t walls · 3 gate(s)
thanh7531's base· ✓ Closed at 14:52 · 0t walls · 2 gate(s)
Ux'DonChauron's base· ✓ Closed at 14:51 · 0t walls · 2 gate(s)
Smoothed initial terrain · ◌ = detected wall gap · hover for details
Inputs per minute
— CTM | Crawly94 - - 托尼
Build order — CTM | Crawly94
First 150 of 629 actions detected
| 0:01 | Create | Villager (Male) |
| 0:01 | Create | Villager (Male) |
| 0:02 | Build | House |
| 0:04 | Build | House |
| 0:04 | Create | Villager (Male) |
| 0:04 | Create | Villager (Male) |
| 0:14 | Create | Villager (Male) |
| 0:14 | Create | Villager (Male) |
| 1:20 | Create | Villager (Male) |
| 1:20 | Create | Villager (Male) |
| 1:41 | Build | Lumber Camp |
| 2:08 | Create | Villager (Male) |
| 2:17 | Create | Villager (Male) |
| 3:07 | Create | Villager (Male) |
| 3:07 | Create | Villager (Male) |
| 3:08 | Create | Villager (Male) |
| 3:47 | Build | House |
| 4:00 | Create | Villager (Male) |
| 4:00 | Create | Villager (Male) |
| 4:02 | Create | Villager (Male) |
| 4:03 | Create | Villager (Male) |
| 4:42 | Create | Villager (Male) |
| 4:43 | Create | Villager (Male) |
| 5:00 | Build | Mill |
| 5:21 | Create | Villager (Male) |
| 5:21 | Create | Villager (Male) |
| 5:21 | Create | Villager (Male) |
| 5:22 | Create | Villager (Male) |
| 5:23 | Create | Villager (Male) |
| 5:39 | Build | House |
| 5:43 | Build | House |
| 5:45 | Create | Villager (Male) |
| 5:45 | Create | Villager (Male) |
| 6:56 | Create | Villager (Male) |
| 7:13 | Build | Mining Camp |
| 7:29 | Create | Villager (Male) |
| 7:34 | Create | Villager (Male) |
| 8:04 | Build | House |
| 8:11 | Research | Feudal Age |
| 8:11 | Research | Feudal Age |
| 8:33 | Create | Villager (Male) |
| 8:33 | Create | Villager (Male) |
| 10:26 | Age | Feudal Age |
| 10:27 | Build | Blacksmith |
| 10:29 | Build | Market |
| 10:37 | Build | Farm |
| 10:42 | Build | Farm |
| 10:45 | Build | Farm |
| 11:17 | Research | Castle Age |
| 11:18 | Research | Castle Age |
| 11:28 | Build | Farm |
| 11:41 | Build | Farm |
| 11:57 | Research | Double-Bit Axe |
| 11:57 | Research | Double-Bit Axe |
| 13:26 | Build | House |
| 13:27 | Build | House |
| 13:28 | Build | House |
| 13:41 | Create | Villager (Male) |
| 13:42 | Create | Villager (Male) |
| 13:43 | Age | Castle Age |
| 13:45 | Build | Town Center |
| 13:46 | Create | Villager (Male) |
| 14:19 | Build | Town Center |
| 14:22 | Create | Villager (Male) |
| 14:59 | Create | Villager (Male) |
| 14:59 | Create | Villager (Male) |
| 15:03 | Build | Farm |
| 15:08 | Build | Farm |
| 15:11 | Build | Farm |
| 15:12 | Create | Villager (Male) |
| 15:12 | Create | Villager (Male) |
| 15:25 | Create | Villager (Male) |
| 15:39 | Build | Farm |
| 15:44 | Build | Farm |
| 15:49 | Build | Farm |
| 15:55 | Build | Farm |
| 16:00 | Create | Villager (Male) |
| 16:00 | Create | Villager (Male) |
| 16:02 | Build | Farm |
| 16:10 | Build | Farm |
| 16:13 | Build | Farm |
| 16:27 | Create | Villager (Male) |
| 16:30 | Build | Farm |
| 16:32 | Build | Farm |
| 16:37 | Build | Farm |
| 16:38 | Create | Villager (Male) |
| 16:38 | Create | Villager (Male) |
| 16:55 | Create | Villager (Male) |
| 16:55 | Create | Villager (Male) |
| 16:57 | Create | Villager (Male) |
| 16:58 | Create | Villager (Male) |
| 17:01 | Build | Farm |
| 17:01 | Build | Farm |
| 17:04 | Create | Villager (Male) |
| 17:04 | Create | Villager (Male) |
| 17:07 | Build | Farm |
| 17:10 | Build | Farm |
| 17:11 | Create | Villager (Male) |
| 17:19 | Build | Farm |
| 17:21 | Create | Villager (Male) |
| 17:21 | Create | Villager (Male) |
| 17:42 | Create | Villager (Male) |
| 17:42 | Create | Villager (Male) |
| 17:50 | Create | Villager (Male) |
| 17:51 | Create | Villager (Male) |
| 17:54 | Build | Farm |
| 17:54 | Build | Farm |
| 17:56 | Create | Villager (Male) |
| 17:56 | Create | Villager (Male) |
| 18:02 | Build | Farm |
| 18:03 | Build | Farm |
| 18:04 | Create | Villager (Male) |
| 18:04 | Create | Villager (Male) |
| 18:08 | Build | House |
| 18:10 | Build | House |
| 18:11 | Build | House |
| 18:12 | Build | House |
| 18:25 | Research | Wheelbarrow |
| 18:25 | Research | Wheelbarrow |
| 18:32 | Create | Villager (Male) |
| 18:32 | Create | Villager (Male) |
| 18:33 | Create | Villager (Male) |
| 18:33 | Create | Villager (Male) |
| 18:45 | Build | Farm |
| 18:47 | Research | Horse Collar |
| 18:47 | Research | Horse Collar |
| 18:57 | Create | Villager (Male) |
| 18:57 | Create | Villager (Male) |
| 19:01 | Create | Villager (Male) |
| 19:01 | Create | Villager (Male) |
| 19:08 | Create | Villager (Male) |
| 19:18 | Create | Villager (Male) |
| 19:30 | Build | Mining Camp |
| 19:34 | Create | Villager (Male) |
| 19:40 | Create | Villager (Male) |
| 19:41 | Create | Villager (Male) |
| 19:45 | Build | Farm |
| 19:46 | Build | Farm |
| 19:46 | Build | Farm |
| 19:48 | Create | Villager (Male) |
| 19:49 | Create | Villager (Male) |
| 19:55 | Create | Villager (Male) |
| 19:55 | Create | Villager (Male) |
| 20:06 | Create | Villager (Male) |
| 20:07 | Create | Villager (Male) |
| 20:17 | Build | Mining Camp |
| 20:20 | Create | Villager (Male) |
| 20:20 | Create | Villager (Male) |
| 20:20 | Create | Villager (Male) |
| 20:27 | Build | Farm |
Build order — 托尼
First 150 of 457 actions detected
| 0:03 | Create | Villager (Male) ×4 |
| 0:03 | Create | Villager (Male) ×4 |
| 0:04 | Build | House |
| 0:06 | Build | House |
| 1:23 | Create | Villager (Male) |
| 1:23 | Create | Villager (Male) |
| 1:23 | Create | Villager (Male) |
| 1:43 | Create | Villager (Male) |
| 2:08 | Create | Villager (Male) |
| 2:08 | Create | Villager (Male) |
| 2:23 | Create | Villager (Male) |
| 2:23 | Create | Villager (Male) |
| 2:56 | Create | Villager (Male) |
| 2:57 | Create | Villager (Male) |
| 3:19 | Create | Villager (Male) |
| 3:20 | Create | Villager (Male) |
| 3:31 | Build | House |
| 3:48 | Create | Villager (Male) ×2 |
| 3:49 | Create | Villager (Male) ×2 |
| 4:16 | Create | Villager (Male) |
| 4:16 | Create | Villager (Male) |
| 4:48 | Create | Villager (Male) ×2 |
| 5:14 | Build | House |
| 5:24 | Build | Lumber Camp |
| 5:50 | Create | Villager (Male) ×5 |
| 5:51 | Create | Villager (Male) ×5 |
| 6:18 | Create | Villager (Male) |
| 6:23 | Build | Mill |
| 8:15 | Research | Feudal Age |
| 8:18 | Build | Farm |
| 8:19 | Build | Farm |
| 8:32 | Build | Mining Camp |
| 8:37 | Build | Farm |
| 8:59 | Create | Villager (Male) |
| 10:00 | Build | House |
| 10:01 | Build | House |
| 10:58 | Age | Feudal Age |
| 11:04 | Build | Market |
| 11:07 | Research | Double-Bit Axe |
| 11:11 | Create | Villager (Male) |
| 11:11 | Create | Villager (Male) |
| 11:20 | Build | Blacksmith |
| 12:04 | Create | Villager (Male) |
| 12:16 | Research | Castle Age |
| 12:16 | Research | Castle Age |
| 12:46 | Research | Horse Collar |
| 12:46 | Research | Horse Collar |
| 13:17 | Create | Villager (Male) |
| 14:06 | Build | Farm |
| 14:09 | Build | Farm |
| 14:11 | Build | Farm |
| 14:13 | Build | Farm |
| 14:14 | Build | Farm |
| 14:56 | Age | Castle Age |
| 14:58 | Build | Town Center |
| 15:11 | Build | Town Center |
| 15:15 | Research | Bow Saw |
| 15:16 | Create | Villager (Male) |
| 15:16 | Create | Villager (Male) |
| 15:17 | Create | Villager (Male) |
| 15:46 | Build | Monastery |
| 15:48 | Build | House |
| 16:07 | Create | Villager (Male) |
| 16:07 | Create | Villager (Male) |
| 16:15 | Research | Heavy Plow |
| 16:32 | Create | Villager (Male) |
| 16:33 | Create | Villager (Male) |
| 16:33 | Create | Villager (Male) |
| 16:37 | Build | Farm |
| 16:38 | Build | Farm |
| 16:39 | Build | Farm |
| 16:41 | Create | Monk |
| 16:42 | Create | Monk |
| 16:48 | Create | Villager (Male) |
| 16:48 | Create | Villager (Male) |
| 16:48 | Create | Villager (Male) |
| 16:48 | Create | Villager (Male) |
| 16:56 | Build | Farm |
| 16:58 | Build | Farm |
| 16:59 | Build | Farm |
| 17:05 | Create | Villager (Male) |
| 17:14 | Create | Villager (Male) |
| 17:14 | Create | Villager (Male) |
| 17:26 | Build | House |
| 17:29 | Build | House |
| 17:45 | Create | Villager (Male) ×3 |
| 17:49 | Build | Farm |
| 17:51 | Build | Farm |
| 17:58 | Build | Farm |
| 18:03 | Create | Villager (Male) ×2 |
| 18:04 | Create | Villager (Male) ×2 |
| 18:18 | Create | Villager (Male) |
| 18:19 | Create | Villager (Male) |
| 18:26 | Build | House |
| 18:27 | Build | House |
| 18:28 | Build | House |
| 18:29 | Build | House |
| 18:35 | Build | Farm |
| 18:37 | Build | Farm |
| 18:39 | Build | Farm |
| 18:47 | Build | Farm |
| 18:49 | Create | Villager (Male) ×4 |
| 18:50 | Create | Villager (Male) ×4 |
| 18:53 | Create | Villager (Male) |
| 18:53 | Create | Villager (Male) |
| 18:57 | Build | Farm |
| 19:10 | Build | Farm |
| 19:13 | Create | Villager (Male) ×2 |
| 19:23 | Create | Villager (Male) ×2 |
| 19:23 | Create | Villager (Male) ×2 |
| 19:32 | Create | Villager (Male) |
| 19:33 | Build | House |
| 19:47 | Build | Town Center |
| 19:57 | Create | Villager (Male) ×4 |
| 19:57 | Create | Villager (Male) ×4 |
| 20:01 | Build | Farm |
| 20:02 | Build | Farm |
| 20:12 | Build | Farm |
| 20:13 | Create | Villager (Male) ×3 |
| 20:13 | Create | Villager (Male) ×3 |
| 20:21 | Build | Farm |
| 20:38 | Research | Wheelbarrow |
| 20:38 | Research | Loom |
| 20:38 | Research | Loom |
| 21:01 | Build | House |
| 21:02 | Build | House |
| 21:04 | Build | House |
| 21:06 | Build | House |
| 21:14 | Build | University |
| 21:19 | Create | Villager (Male) ×5 |
| 21:27 | Build | Lumber Camp |
| 21:30 | Create | Villager (Male) |
| 21:31 | Create | Villager (Male) |
| 21:34 | Create | Villager (Male) ×4 |
| 21:35 | Create | Villager (Male) ×4 |
| 21:38 | Build | Lumber Camp |
| 21:44 | Create | Villager (Male) ×3 |
| 21:44 | Create | Villager (Male) ×3 |
| 21:48 | Build | Farm |
| 21:49 | Build | Farm |
| 21:51 | Build | Farm |
| 22:02 | Create | Villager (Male) |
| 22:05 | Build | Farm |
| 22:14 | Build | Farm |
| 22:18 | Research | Gold Mining |
| 22:18 | Research | Stone Mining |
| 22:19 | Research | Stone Mining |
| 22:20 | Research | Stone Mining |
| 22:20 | Research | Stone Mining |
| 22:36 | Build | Farm |
Build order — Albert
First 150 of 187 actions detected
| 0:02 | Create | Villager (Male) |
| 0:02 | Create | Villager (Male) |
| 0:03 | Create | Villager (Male) |
| 0:04 | Build | House |
| 0:05 | Build | House |
| 0:19 | Create | Villager (Male) |
| 1:31 | Create | Villager (Male) |
| 1:51 | Build | Lumber Camp |
| 2:13 | Create | Villager (Male) |
| 2:14 | Create | Villager (Male) |
| 2:20 | Create | Villager (Male) |
| 2:20 | Create | Villager (Male) |
| 2:59 | Create | Villager (Male) |
| 3:25 | Create | Villager (Male) |
| 3:42 | Create | Villager (Male) |
| 4:00 | Build | House |
| 4:14 | Create | Villager (Male) |
| 4:28 | Create | Villager (Male) |
| 4:29 | Create | Villager (Male) |
| 4:36 | Build | Mill |
| 5:05 | Create | Villager (Male) |
| 5:22 | Create | Villager (Male) |
| 5:44 | Create | Villager (Male) |
| 5:59 | Create | Villager (Male) |
| 6:02 | Build | House |
| 6:26 | Create | Villager (Male) |
| 6:47 | Create | Villager (Male) |
| 7:05 | Create | Villager (Male) |
| 7:19 | Create | Villager (Male) |
| 7:51 | Build | Farm |
| 7:53 | Build | Farm |
| 8:19 | Research | Feudal Age |
| 8:34 | Build | Mining Camp |
| 9:02 | Build | Farm |
| 10:03 | Build | House |
| 10:08 | Create | Villager (Male) |
| 10:08 | Create | Villager (Male) |
| 10:38 | Age | Feudal Age |
| 10:43 | Build | Market |
| 10:46 | Build | Blacksmith |
| 11:39 | Research | Castle Age |
| 11:40 | Research | Castle Age |
| 12:16 | Build | Barracks |
| 12:21 | Research | Double-Bit Axe |
| 12:23 | Research | Horse Collar |
| 12:23 | Research | Horse Collar |
| 12:39 | Build | Farm |
| 13:18 | Research | Gold Mining |
| 13:41 | Build | House |
| 13:43 | Build | House |
| 14:07 | Create | Spearman |
| 14:14 | Research | Loom |
| 14:19 | Age | Castle Age |
| 14:24 | Research | Bow Saw |
| 14:47 | Create | Villager (Male) |
| 14:55 | Build | Siege Workshop |
| 15:06 | Create | Villager (Male) |
| 15:33 | Build | Monastery |
| 15:39 | Create | Mangonel |
| 15:40 | Create | Mangonel |
| 15:51 | Create | Villager (Male) |
| 16:04 | Create | Monk |
| 16:13 | Build | Monastery |
| 16:14 | Create | Villager (Male) |
| 16:49 | Research | Sanctity |
| 16:52 | Create | Villager (Male) |
| 16:54 | Create | Monk |
| 16:59 | Build | Mining Camp |
| 17:21 | Create | Villager (Male) |
| 17:38 | Create | Mangonel |
| 18:06 | Create | Monk |
| 18:06 | Create | Monk |
| 18:07 | Create | Villager (Male) |
| 18:30 | Create | Villager (Male) |
| 18:35 | Build | Farm |
| 19:11 | Create | Monk |
| 19:11 | Create | Monk |
| 19:13 | Create | Monk |
| 19:16 | Create | Mangonel |
| 19:41 | Create | Villager (Male) |
| 19:43 | Create | Mangonel |
| 19:46 | Build | House |
| 19:46 | Build | House |
| 20:32 | Research | Redemption |
| 20:56 | Research | Fervor |
| 21:04 | Create | Mangonel |
| 21:05 | Create | Villager (Male) |
| 21:11 | Build | House |
| 21:11 | Build | House |
| 21:15 | Create | Villager (Male) |
| 21:19 | Build | Monastery |
| 22:19 | Create | Villager (Male) |
| 22:20 | Create | Monk |
| 22:20 | Create | Monk |
| 22:21 | Create | Monk |
| 22:21 | Create | Monk |
| 22:43 | Build | Town Center |
| 22:55 | Create | Spearman |
| 22:55 | Create | Spearman |
| 22:55 | Create | Spearman |
| 23:06 | Create | Mangonel |
| 23:09 | Create | Villager (Male) |
| 23:12 | Build | House |
| 23:13 | Build | House |
| 23:43 | Create | Villager (Male) |
| 23:53 | Build | Palisade Wall |
| 23:55 | Build | Palisade Wall |
| 24:09 | Build | Town Center |
| 24:12 | Research | Town Watch |
| 24:22 | Build | Town Center |
| 24:28 | Build | Mining Camp |
| 24:39 | Build | House |
| 24:43 | Build | House |
| 25:03 | Build | University |
| 25:06 | Create | Villager (Male) |
| 25:18 | Create | Monk |
| 25:19 | Create | Monk |
| 25:19 | Create | Monk |
| 26:43 | Build | Barracks |
| 26:44 | Build | Barracks |
| 26:45 | Build | Barracks |
| 26:53 | Build | Farm |
| 26:54 | Build | Farm |
| 27:06 | Build | House |
| 27:12 | Build | Palisade Wall |
| 27:21 | Create | Villager (Male) |
| 27:42 | Research | Scale Mail Armor |
| 27:57 | Create | Spearman |
| 27:57 | Create | Spearman |
| 28:07 | Create | Spearman |
| 28:08 | Create | Spearman |
| 28:20 | Build | Farm |
| 28:22 | Build | Farm |
| 28:35 | Create | Spearman |
| 28:36 | Create | Spearman |
| 28:42 | Create | Villager (Male) |
| 28:48 | Build | Farm |
| 29:08 | Create | Villager (Male) |
| 29:08 | Create | Villager (Male) |
| 29:13 | Build | Farm |
| 29:16 | Build | Farm |
| 29:26 | Create | Villager (Male) |
| 29:45 | Build | Farm |
| 29:46 | Build | Farm |
| 29:48 | Build | Farm |
| 29:51 | Build | Farm |
| 30:05 | Research | Pikeman (upgrade) |
| 30:11 | Create | Spearman |
| 30:50 | Create | Spearman |
| 30:50 | Create | Spearman |
Build order — Ux'Tycho0201
First 150 of 637 actions detected
| 0:01 | Create | Villager (Male) |
| 0:03 | Create | Villager (Male) |
| 0:03 | Create | Villager (Male) |
| 0:03 | Create | Villager (Male) |
| 0:03 | Create | Villager (Male) |
| 0:04 | Create | Villager (Male) |
| 0:04 | Create | Villager (Male) |
| 0:05 | Build | House |
| 0:07 | Build | House |
| 1:27 | Create | Villager (Male) |
| 1:28 | Create | Villager (Male) |
| 1:55 | Create | Villager (Male) |
| 1:55 | Create | Villager (Male) |
| 1:58 | Build | Lumber Camp |
| 2:09 | Create | Villager (Male) |
| 2:09 | Create | Villager (Male) |
| 2:32 | Create | Villager (Male) |
| 2:33 | Create | Villager (Male) |
| 3:03 | Build | House |
| 3:08 | Create | Villager (Male) |
| 3:09 | Create | Villager (Male) |
| 3:29 | Create | Villager (Male) |
| 3:30 | Create | Villager (Male) |
| 3:36 | Create | Villager (Male) |
| 4:03 | Create | Villager (Male) |
| 4:41 | Build | Mill |
| 4:44 | Create | Villager (Male) |
| 5:11 | Create | Villager (Male) |
| 5:13 | Create | Villager (Male) |
| 6:17 | Research | Feudal Age |
| 6:17 | Research | Feudal Age |
| 6:17 | Research | Feudal Age |
| 7:09 | Build | House |
| 7:26 | Create | Villager (Male) |
| 7:27 | Create | Villager (Male) |
| 7:27 | Create | Villager (Male) |
| 8:22 | Build | Farm |
| 8:27 | Age | Feudal Age |
| 8:30 | Build | Town Center |
| 9:01 | Create | Villager (Male) |
| 9:13 | Build | Farm |
| 9:30 | Build | House |
| 9:35 | Create | Villager (Male) |
| 9:57 | Research | Double-Bit Axe |
| 9:57 | Research | Double-Bit Axe |
| 9:57 | Research | Double-Bit Axe |
| 10:08 | Create | Villager (Male) |
| 10:30 | Create | Villager (Male) |
| 10:34 | Create | Villager (Male) |
| 10:34 | Create | Villager (Male) |
| 10:34 | Create | Villager (Male) |
| 10:43 | Build | Farm |
| 10:47 | Build | Farm |
| 11:09 | Create | Villager (Male) |
| 11:14 | Build | Farm |
| 11:19 | Create | Villager (Male) |
| 11:24 | Build | Farm |
| 11:32 | Build | Farm |
| 11:43 | Build | Farm |
| 11:44 | Create | Villager (Male) |
| 11:48 | Create | Villager (Male) |
| 11:52 | Create | Villager (Male) |
| 11:52 | Create | Villager (Male) |
| 11:58 | Research | Horse Collar |
| 11:58 | Research | Horse Collar |
| 12:17 | Create | Villager (Male) |
| 12:18 | Build | Farm |
| 12:23 | Build | House |
| 12:24 | Build | House |
| 12:27 | Build | Farm |
| 12:29 | Build | Farm |
| 12:30 | Create | Villager (Male) |
| 12:39 | Create | Villager (Male) |
| 12:43 | Build | Farm |
| 12:50 | Build | Farm |
| 13:01 | Build | Farm |
| 13:03 | Create | Villager (Male) |
| 13:07 | Build | House |
| 13:19 | Build | Farm |
| 13:22 | Create | Villager (Male) |
| 13:23 | Create | Villager (Male) |
| 13:29 | Build | Farm |
| 13:32 | Create | Villager (Male) |
| 13:40 | Build | Farm |
| 13:48 | Build | Farm |
| 13:51 | Create | Villager (Male) |
| 13:53 | Build | House |
| 14:01 | Build | Farm |
| 14:03 | Create | Villager (Male) |
| 14:15 | Create | Villager (Male) |
| 14:17 | Build | Farm |
| 14:23 | Create | Villager (Male) |
| 14:28 | Build | Farm |
| 14:41 | Research | Wheelbarrow |
| 14:41 | Research | Wheelbarrow |
| 14:41 | Research | Wheelbarrow |
| 14:44 | Create | Villager (Male) |
| 15:02 | Build | Blacksmith |
| 15:03 | Create | Villager (Male) |
| 15:21 | Create | Villager (Male) |
| 15:22 | Create | Villager (Male) |
| 15:27 | Build | Farm |
| 15:46 | Build | Market |
| 15:52 | Create | Villager (Male) |
| 16:02 | Create | Villager (Male) |
| 16:20 | Build | Barracks |
| 16:25 | Create | Villager (Male) |
| 16:40 | Build | Farm |
| 16:46 | Research | Castle Age |
| 16:46 | Research | Castle Age |
| 16:46 | Research | Castle Age |
| 17:06 | Research | Scale Barding Armor |
| 17:06 | Research | Scale Barding Armor |
| 17:06 | Research | Scale Barding Armor |
| 17:07 | Research | Scale Barding Armor |
| 17:15 | Create | Villager (Male) |
| 17:15 | Create | Villager (Male) |
| 17:27 | Build | Stable |
| 17:40 | Build | Farm |
| 17:45 | Build | Farm |
| 17:52 | Build | Stable |
| 18:00 | Build | House |
| 18:01 | Build | House |
| 18:02 | Create | Villager (Male) |
| 18:03 | Create | Villager (Male) |
| 18:18 | Research | Bloodlines |
| 18:18 | Research | Bloodlines |
| 18:25 | Create | Scout Cavalry |
| 18:25 | Create | Scout Cavalry |
| 18:25 | Create | Scout Cavalry |
| 18:25 | Create | Scout Cavalry |
| 18:34 | Build | House |
| 18:36 | Build | House |
| 18:49 | Build | Mining Camp |
| 18:55 | Create | Scout Cavalry |
| 18:55 | Create | Scout Cavalry |
| 18:55 | Create | Scout Cavalry |
| 18:56 | Create | Scout Cavalry |
| 19:01 | Create | Villager (Male) |
| 19:03 | Build | House |
| 19:07 | Research | Forging |
| 19:07 | Research | Forging |
| 19:07 | Research | Forging |
| 19:18 | Build | Stable |
| 19:24 | Create | Scout Cavalry |
| 19:24 | Create | Scout Cavalry |
| 19:24 | Create | Scout Cavalry |
| 19:29 | Age | Castle Age |
| 19:30 | Create | Villager (Male) |
| 19:31 | Create | Villager (Male) |
Build order — paulovmcm
First 150 of 396 actions detected
| 0:01 | Create | Villager (Male) ×4 |
| 0:04 | Build | House |
| 0:05 | Build | House |
| 1:25 | Create | Villager (Male) |
| 1:47 | Create | Villager (Male) |
| 1:51 | Build | Lumber Camp |
| 2:05 | Create | Villager (Male) |
| 2:45 | Create | Villager (Male) |
| 3:06 | Build | House |
| 3:12 | Create | Villager (Male) |
| 3:26 | Create | Villager (Male) |
| 3:44 | Create | Villager (Male) |
| 4:16 | Create | Villager (Male) |
| 4:18 | Build | Mill |
| 4:55 | Create | Villager (Male) |
| 5:04 | Build | Farm |
| 5:11 | Create | Villager (Male) |
| 5:30 | Build | House |
| 5:37 | Create | Villager (Male) |
| 5:45 | Build | Farm |
| 5:54 | Build | House |
| 6:05 | Create | Villager (Male) |
| 6:24 | Create | Villager (Male) |
| 6:24 | Create | Villager (Male) |
| 6:49 | Build | Farm |
| 6:52 | Create | Villager (Male) |
| 7:15 | Build | House |
| 7:42 | Build | Mining Camp |
| 7:44 | Create | Villager (Male) |
| 8:12 | Build | Farm |
| 8:16 | Create | Villager (Male) |
| 8:44 | Create | Villager (Male) |
| 9:05 | Research | Feudal Age |
| 10:57 | Create | Villager (Male) |
| 10:57 | Create | Villager (Male) |
| 11:21 | Age | Feudal Age |
| 11:25 | Build | Market |
| 11:28 | Build | Blacksmith |
| 11:31 | Research | Double-Bit Axe |
| 12:07 | Build | Mining Camp |
| 12:12 | Research | Castle Age |
| 12:13 | Research | Loom |
| 13:00 | Research | Horse Collar |
| 13:43 | Research | Wheelbarrow |
| 13:45 | Research | Fletching |
| 14:23 | Build | House |
| 14:52 | Age | Castle Age |
| 15:15 | Build | Castle |
| 15:28 | Create | Villager (Male) |
| 16:31 | Create | Longbowman |
| 16:33 | Create | Villager (Male) |
| 16:33 | Create | Villager (Male) |
| 16:46 | Create | Villager (Male) |
| 17:16 | Create | Villager (Male) |
| 17:23 | Build | Town Center |
| 17:50 | Create | Villager (Male) |
| 18:08 | Create | Longbowman |
| 18:08 | Create | Longbowman |
| 18:11 | Create | Villager (Male) |
| 18:24 | Create | Villager (Male) |
| 18:24 | Create | Villager (Male) |
| 18:43 | Create | Villager (Male) |
| 18:55 | Create | Villager (Male) |
| 19:04 | Build | Farm |
| 19:06 | Build | Farm |
| 19:08 | Build | Farm |
| 19:10 | Build | Farm |
| 19:20 | Create | Villager (Male) |
| 19:34 | Create | Villager (Male) |
| 19:41 | Create | Longbowman |
| 19:41 | Create | Longbowman |
| 19:56 | Build | Farm |
| 20:22 | Create | Villager (Male) |
| 20:22 | Create | Villager (Male) |
| 20:44 | Build | Castle |
| 21:05 | Create | Villager (Male) |
| 21:05 | Create | Villager (Male) |
| 21:16 | Build | House |
| 21:19 | Create | Villager (Male) |
| 21:28 | Build | Town Center |
| 21:37 | Create | Longbowman |
| 21:37 | Create | Longbowman |
| 21:39 | Create | Villager (Male) |
| 21:40 | Create | Villager (Male) |
| 22:09 | Create | Villager (Male) |
| 22:17 | Build | Town Center |
| 22:43 | Create | Longbowman |
| 22:43 | Create | Longbowman |
| 22:45 | Research | Bow Saw |
| 22:45 | Create | Villager (Male) |
| 22:45 | Create | Villager (Male) |
| 22:49 | Create | Longbowman |
| 22:49 | Create | Longbowman |
| 23:13 | Create | Villager (Male) |
| 23:13 | Create | Villager (Male) |
| 23:14 | Create | Villager (Male) |
| 23:21 | Build | Farm |
| 23:21 | Build | Farm |
| 23:21 | Build | Farm |
| 23:21 | Build | Farm |
| 23:22 | Build | Farm |
| 23:25 | Build | Town Center |
| 23:31 | Create | Longbowman |
| 23:31 | Create | Longbowman |
| 23:40 | Create | Villager (Male) |
| 23:40 | Create | Villager (Male) |
| 24:13 | Create | Villager (Male) |
| 24:14 | Create | Villager (Male) |
| 24:14 | Create | Villager (Male) |
| 24:28 | Build | Farm |
| 24:28 | Build | Farm |
| 24:28 | Build | Farm |
| 24:29 | Build | Farm |
| 24:36 | Create | Villager (Male) |
| 24:36 | Create | Villager (Male) |
| 24:48 | Create | Longbowman |
| 24:49 | Create | Longbowman |
| 24:49 | Create | Longbowman |
| 24:50 | Create | Longbowman |
| 24:50 | Create | Longbowman |
| 24:51 | Create | Villager (Male) |
| 24:51 | Create | Villager (Male) |
| 24:51 | Create | Villager (Male) |
| 25:26 | Research | Bodkin Arrow |
| 25:26 | Research | Bodkin Arrow |
| 25:29 | Build | Farm |
| 25:32 | Build | Farm |
| 25:32 | Build | Farm |
| 25:33 | Build | Farm |
| 25:34 | Create | Villager (Male) |
| 25:35 | Create | Villager (Male) |
| 25:54 | Create | Villager (Male) |
| 25:54 | Create | Villager (Male) |
| 25:54 | Create | Villager (Male) |
| 25:58 | Build | Farm |
| 26:32 | Create | Villager (Male) |
| 26:32 | Create | Villager (Male) |
| 26:33 | Create | Villager (Male) |
| 26:33 | Create | Villager (Male) |
| 26:41 | Build | Town Center |
| 27:04 | Create | Villager (Male) |
| 27:04 | Create | Villager (Male) |
| 27:04 | Create | Villager (Male) |
| 27:05 | Create | Villager (Male) |
| 27:06 | Create | Villager (Male) |
| 27:22 | Build | Lumber Camp |
| 27:35 | Create | Villager (Male) |
| 27:35 | Create | Villager (Male) |
| 27:35 | Create | Villager (Male) |
| 27:35 | Create | Villager (Male) |
Build order — [GdSur] Mate_Amargo
First 150 of 431 actions detected
| 0:20 | Research | Loom |
| 0:55 | Create | Villager (Male) |
| 1:26 | Build | Lumber Camp |
| 1:31 | Create | Villager (Male) |
| 1:31 | Create | Villager (Male) |
| 1:56 | Create | Villager (Male) |
| 1:56 | Create | Villager (Male) |
| 2:24 | Create | Villager (Male) |
| 2:24 | Create | Villager (Male) |
| 2:48 | Create | Villager (Male) |
| 2:49 | Create | Villager (Male) |
| 3:07 | Create | Villager (Male) |
| 3:07 | Create | Villager (Male) |
| 3:27 | Build | House |
| 3:31 | Create | Villager (Male) |
| 3:31 | Create | Villager (Male) |
| 3:47 | Create | Villager (Male) |
| 3:47 | Create | Villager (Male) |
| 3:59 | Create | Villager (Male) |
| 3:59 | Create | Villager (Male) |
| 4:37 | Create | Villager (Male) |
| 4:43 | Create | Villager (Male) |
| 4:43 | Create | Villager (Male) |
| 4:55 | Create | Villager (Male) |
| 4:55 | Create | Villager (Male) |
| 5:08 | Create | Villager (Male) |
| 5:08 | Create | Villager (Male) |
| 5:08 | Create | Villager (Male) |
| 5:19 | Create | Villager (Male) |
| 5:20 | Create | Villager (Male) |
| 5:27 | Build | House |
| 5:49 | Build | Mill |
| 6:00 | Create | Villager (Male) |
| 6:00 | Create | Villager (Male) |
| 6:00 | Create | Villager (Male) |
| 7:38 | Research | Feudal Age |
| 7:52 | Build | Mining Camp |
| 8:18 | Create | Villager (Male) |
| 8:20 | Create | Villager (Male) |
| 8:48 | Build | Farm |
| 8:49 | Build | Farm |
| 8:50 | Build | Farm |
| 8:51 | Build | Farm |
| 9:03 | Build | House |
| 10:06 | Build | Farm |
| 10:24 | Age | Feudal Age |
| 10:27 | Build | Blacksmith |
| 10:28 | Build | Market |
| 10:40 | Build | Farm |
| 10:54 | Build | Farm |
| 11:11 | Create | Villager (Male) |
| 11:14 | Build | Farm |
| 12:06 | Research | Castle Age |
| 12:07 | Research | Castle Age |
| 12:07 | Research | Castle Age |
| 12:51 | Build | Mining Camp |
| 13:23 | Create | Villager (Male) |
| 13:56 | Research | Double-Bit Axe |
| 14:46 | Age | Castle Age |
| 14:50 | Build | Town Center |
| 14:55 | Create | Villager (Male) |
| 15:00 | Research | Bow Saw |
| 15:01 | Research | Bow Saw |
| 15:09 | Research | Horse Collar |
| 15:15 | Create | Villager (Male) |
| 15:53 | Build | House |
| 15:54 | Build | House |
| 15:56 | Build | Stone Wall |
| 15:57 | Create | Villager (Male) ×3 |
| 16:03 | Build | House |
| 16:08 | Build | House |
| 16:09 | Build | Stone Wall |
| 16:12 | Build | House |
| 16:13 | Build | House |
| 16:21 | Build | House |
| 16:23 | Build | House |
| 16:42 | Build | Watch Tower |
| 16:50 | Create | Villager (Male) |
| 16:51 | Create | Villager (Male) ×2 |
| 16:58 | Build | Farm |
| 16:58 | Build | Farm |
| 16:58 | Build | Farm |
| 16:58 | Build | Farm |
| 16:59 | Build | Farm |
| 16:59 | Build | Farm |
| 16:59 | Build | Farm |
| 16:59 | Build | Farm |
| 17:00 | Build | Farm |
| 17:00 | Build | Farm |
| 17:23 | Create | Villager (Male) ×2 |
| 17:23 | Create | Villager (Male) |
| 17:49 | Build | Lumber Camp |
| 17:50 | Create | Villager (Male) |
| 17:51 | Create | Villager (Male) |
| 18:00 | Create | Villager (Male) |
| 18:00 | Create | Villager (Male) |
| 18:00 | Create | Villager (Male) |
| 18:07 | Build | Siege Workshop |
| 18:19 | Create | Villager (Male) |
| 18:19 | Create | Villager (Male) |
| 18:25 | Create | Villager (Male) |
| 18:26 | Create | Villager (Male) |
| 18:48 | Build | Watch Tower |
| 18:49 | Create | Villager (Male) |
| 18:49 | Create | Villager (Male) |
| 18:49 | Create | Villager (Male) |
| 19:03 | Create | Villager (Male) ×2 |
| 19:03 | Create | Villager (Male) |
| 19:03 | Create | Villager (Male) |
| 19:07 | Create | Villager (Male) |
| 19:07 | Create | Villager (Male) |
| 19:12 | Create | Battering Ram |
| 19:13 | Create | Battering Ram |
| 19:19 | Create | Villager (Male) |
| 19:36 | Build | Town Center |
| 19:45 | Create | Villager (Male) |
| 19:45 | Create | Villager (Male) |
| 19:45 | Create | Villager (Male) |
| 20:02 | Create | Battering Ram |
| 20:02 | Create | Battering Ram |
| 20:04 | Create | Villager (Male) |
| 20:04 | Create | Villager (Male) |
| 20:04 | Create | Villager (Male) |
| 20:11 | Create | Villager (Male) |
| 20:11 | Create | Villager (Male) |
| 20:24 | Build | Farm |
| 20:30 | Create | Villager (Male) |
| 20:30 | Create | Villager (Male) |
| 20:42 | Create | Villager (Male) ×2 |
| 20:42 | Create | Villager (Male) ×2 |
| 20:42 | Create | Villager (Male) |
| 20:50 | Build | Monastery |
| 20:54 | Create | Villager (Male) |
| 20:54 | Create | Villager (Male) |
| 21:06 | Create | Villager (Male) |
| 21:06 | Create | Villager (Male) |
| 21:08 | Create | Battering Ram |
| 21:09 | Create | Battering Ram |
| 21:15 | Create | Villager (Male) |
| 21:15 | Create | Villager (Male) |
| 21:18 | Build | Farm |
| 21:32 | Build | Stone Wall |
| 21:33 | Create | Villager (Male) |
| 21:34 | Create | Villager (Male) |
| 21:47 | Create | Villager (Male) ×2 |
| 21:47 | Create | Villager (Male) |
| 21:59 | Build | House |
| 22:00 | Create | Villager (Male) |
| 22:00 | Create | Villager (Male) |
| 22:00 | Create | Villager (Male) |
Build order — thanh7531
First 150 of 788 actions detected
| 0:02 | Create | Villager (Male) |
| 0:03 | Build | House |
| 0:04 | Build | House |
| 0:19 | Create | Villager (Male) ×3 |
| 1:32 | Create | Villager (Male) |
| 1:32 | Create | Villager (Male) |
| 1:32 | Create | Villager (Male) |
| 2:02 | Create | Villager (Male) |
| 2:02 | Create | Villager (Male) |
| 2:02 | Create | Villager (Male) |
| 2:02 | Create | Villager (Male) |
| 2:36 | Create | Villager (Male) |
| 2:36 | Create | Villager (Male) |
| 3:05 | Create | Villager (Male) |
| 3:05 | Create | Villager (Male) |
| 3:05 | Create | Villager (Male) |
| 3:23 | Create | Villager (Male) ×2 |
| 3:23 | Create | Villager (Male) ×2 |
| 3:23 | Create | Villager (Male) ×2 |
| 3:36 | Create | Villager (Male) |
| 3:36 | Create | Villager (Male) |
| 3:37 | Build | House |
| 3:39 | Build | House |
| 3:44 | Create | Villager (Male) |
| 3:44 | Create | Villager (Male) |
| 3:45 | Create | Villager (Male) |
| 4:05 | Build | Lumber Camp |
| 4:16 | Create | Villager (Male) |
| 4:17 | Create | Villager (Male) |
| 4:17 | Create | Villager (Male) |
| 4:34 | Create | Villager (Male) ×2 |
| 4:35 | Create | Villager (Male) ×2 |
| 4:35 | Create | Villager (Male) ×2 |
| 5:00 | Create | Villager (Male) ×3 |
| 5:00 | Create | Villager (Male) ×3 |
| 5:00 | Create | Villager (Male) ×3 |
| 5:23 | Create | Villager (Male) |
| 5:23 | Create | Villager (Male) ×2 |
| 5:23 | Create | Villager (Male) ×2 |
| 5:24 | Create | Villager (Male) |
| 5:24 | Create | Villager (Male) |
| 6:08 | Create | Villager (Male) |
| 6:08 | Create | Villager (Male) |
| 6:26 | Create | Villager (Male) |
| 6:30 | Build | Mill |
| 6:32 | Create | Villager (Male) |
| 7:24 | Create | Villager (Male) |
| 7:28 | Build | House |
| 7:29 | Build | House |
| 7:38 | Build | Mining Camp |
| 7:58 | Research | Feudal Age |
| 8:52 | Create | Villager (Male) |
| 9:15 | Build | Barracks |
| 10:40 | Age | Feudal Age |
| 10:42 | Build | Stable |
| 11:05 | Create | Villager (Male) |
| 11:10 | Create | Villager (Male) |
| 11:26 | Build | Blacksmith |
| 11:52 | Build | Farm |
| 12:12 | Research | Castle Age |
| 12:12 | Research | Castle Age |
| 12:49 | Build | Lumber Camp |
| 12:53 | Build | Farm |
| 12:54 | Build | Farm |
| 12:59 | Create | Scout Cavalry |
| 12:59 | Create | Scout Cavalry |
| 13:00 | Create | Scout Cavalry |
| 13:20 | Create | Spearman |
| 13:37 | Build | Farm |
| 13:40 | Build | Farm |
| 13:45 | Build | Farm |
| 14:28 | Build | Farm |
| 14:29 | Build | Farm |
| 14:48 | Create | Scout Cavalry |
| 14:52 | Age | Castle Age |
| 14:58 | Create | Knight |
| 14:58 | Create | Knight |
| 14:58 | Create | Knight |
| 14:59 | Create | Knight |
| 15:10 | Build | Town Center |
| 15:28 | Create | Knight ×2 |
| 15:28 | Create | Knight ×2 |
| 15:28 | Create | Knight ×2 |
| 15:33 | Research | Loom |
| 15:42 | Create | Villager (Male) |
| 16:02 | Build | Town Center |
| 16:09 | Create | Villager (Male) |
| 16:09 | Create | Villager (Male) |
| 16:10 | Create | Villager (Male) |
| 16:31 | Create | Villager (Male) |
| 16:31 | Create | Villager (Male) |
| 16:31 | Create | Villager (Male) |
| 16:32 | Create | Villager (Male) |
| 16:34 | Build | Farm |
| 16:37 | Build | House |
| 17:10 | Create | Villager (Male) ×2 |
| 17:10 | Create | Villager (Male) ×2 |
| 17:10 | Create | Villager (Male) ×2 |
| 17:10 | Create | Villager (Male) ×2 |
| 17:16 | Create | Villager (Male) |
| 17:17 | Create | Villager (Male) |
| 17:17 | Create | Villager (Male) |
| 17:25 | Build | Farm |
| 17:32 | Build | House |
| 17:33 | Build | House |
| 17:38 | Create | Villager (Male) |
| 17:38 | Create | Villager (Male) |
| 17:38 | Create | Villager (Male) |
| 17:38 | Create | Villager (Male) |
| 18:02 | Create | Villager (Male) |
| 18:02 | Create | Villager (Male) |
| 18:02 | Create | Villager (Male) |
| 18:47 | Research | Husbandry |
| 18:49 | Create | Villager (Male) |
| 18:50 | Create | Villager (Male) |
| 18:50 | Create | Villager (Male) |
| 18:52 | Build | Farm |
| 18:53 | Build | Farm |
| 18:54 | Build | Farm |
| 19:17 | Create | Knight |
| 19:17 | Create | Knight |
| 19:17 | Create | Knight |
| 19:21 | Create | Villager (Male) |
| 19:21 | Create | Villager (Male) |
| 19:22 | Create | Villager (Male) |
| 19:43 | Create | Villager (Male) |
| 19:43 | Create | Villager (Male) |
| 19:43 | Create | Villager (Male) |
| 19:43 | Create | Villager (Male) |
| 19:57 | Create | Villager (Male) |
| 19:57 | Create | Villager (Male) |
| 19:57 | Create | Villager (Male) |
| 20:14 | Build | Town Center |
| 20:26 | Create | Villager (Male) ×3 |
| 20:26 | Create | Villager (Male) ×3 |
| 20:27 | Create | Villager (Male) ×3 |
| 20:35 | Build | Farm |
| 20:36 | Build | Farm |
| 20:38 | Create | Villager (Male) |
| 20:39 | Create | Villager (Male) |
| 20:42 | Build | Farm |
| 20:43 | Build | Farm |
| 21:04 | Create | Knight ×2 |
| 21:05 | Create | Knight ×2 |
| 21:05 | Create | Knight ×2 |
| 21:22 | Create | Knight |
| 21:22 | Create | Knight |
| 21:23 | Create | Knight |
| 21:25 | Create | Villager (Male) |
| 21:25 | Create | Villager (Male) |
Build order — Ux'DonChauron
First 150 of 719 actions detected
| 0:00 | Create | Villager (Male) |
| 0:01 | Create | Villager (Male) |
| 0:01 | Create | Villager (Male) |
| 0:01 | Create | Villager (Male) |
| 0:02 | Build | House |
| 0:03 | Build | House |
| 1:09 | Create | Villager (Male) |
| 1:45 | Build | Lumber Camp |
| 1:51 | Create | Villager (Male) |
| 1:51 | Create | Villager (Male) |
| 2:15 | Create | Villager (Male) |
| 2:15 | Create | Villager (Male) |
| 2:36 | Create | Villager (Male) |
| 2:36 | Create | Villager (Male) |
| 3:02 | Create | Villager (Male) |
| 3:03 | Create | Villager (Male) |
| 3:18 | Create | Villager (Male) |
| 3:26 | Build | House |
| 3:26 | Build | House |
| 3:27 | Build | House |
| 3:30 | Create | Villager (Male) |
| 3:50 | Create | Villager (Male) |
| 4:25 | Create | Villager (Male) |
| 4:36 | Build | Mill |
| 4:52 | Create | Villager (Male) |
| 4:52 | Create | Villager (Male) |
| 4:52 | Create | Villager (Male) |
| 5:30 | Create | Villager (Male) |
| 5:55 | Create | Villager (Male) |
| 6:20 | Build | Mining Camp |
| 6:23 | Create | Villager (Male) |
| 6:23 | Create | Villager (Male) |
| 6:33 | Create | Villager (Male) |
| 7:07 | Create | Villager (Male) |
| 7:33 | Build | Farm |
| 7:34 | Build | Farm |
| 7:37 | Build | Mining Camp |
| 8:05 | Build | Farm |
| 8:27 | Research | Feudal Age |
| 8:31 | Create | Villager (Male) |
| 8:36 | Create | Villager (Male) |
| 8:36 | Research | Loom |
| 10:55 | Age | Feudal Age |
| 10:59 | Build | Market |
| 11:01 | Build | Blacksmith |
| 11:50 | Research | Castle Age |
| 11:50 | Research | Castle Age |
| 12:02 | Build | House |
| 12:05 | Build | House |
| 12:29 | Research | Horse Collar |
| 12:35 | Research | Double-Bit Axe |
| 12:36 | Research | Double-Bit Axe |
| 12:57 | Create | Villager (Male) |
| 13:26 | Build | House |
| 14:05 | Build | Farm |
| 14:08 | Build | Farm |
| 14:12 | Build | Farm |
| 14:51 | Age | Castle Age |
| 14:54 | Build | Castle |
| 14:59 | Build | Siege Workshop |
| 15:00 | Create | Villager (Male) |
| 15:23 | Create | Villager (Male) |
| 15:25 | Research | Bow Saw |
| 15:38 | Build | Farm |
| 15:41 | Build | Farm |
| 15:44 | Build | Farm |
| 15:48 | Build | Farm |
| 15:50 | Create | Villager (Male) |
| 15:57 | Build | Farm |
| 16:22 | Create | Villager (Male) |
| 16:44 | Create | Gbeto |
| 16:44 | Create | Gbeto |
| 16:44 | Create | Gbeto |
| 16:45 | Create | Villager (Male) |
| 16:53 | Build | Farm |
| 16:53 | Create | Villager (Male) |
| 17:02 | Create | Unit 1105 |
| 17:06 | Create | Villager (Male) |
| 17:09 | Build | House |
| 17:10 | Build | House |
| 17:23 | Create | Gbeto |
| 17:31 | Create | Gbeto |
| 17:43 | Create | Gbeto |
| 17:59 | Create | Gbeto |
| 18:00 | Create | Villager (Male) |
| 18:24 | Build | Gate |
| 18:34 | Create | Villager (Male) |
| 18:38 | Create | Gbeto |
| 18:50 | Create | Gbeto |
| 19:02 | Build | Stone Wall |
| 19:05 | Create | Gbeto |
| 19:05 | Create | Villager (Male) |
| 19:07 | Create | Villager (Male) |
| 19:08 | Create | Villager (Male) |
| 19:11 | Build | Barracks |
| 19:31 | Research | Fletching |
| 19:31 | Research | Fletching |
| 19:31 | Create | Villager (Male) |
| 19:45 | Create | Gbeto |
| 19:56 | Create | Villager (Male) |
| 20:01 | Build | Town Center |
| 20:09 | Create | Gbeto |
| 20:09 | Create | Gbeto |
| 20:13 | Build | House |
| 20:23 | Create | Villager (Male) |
| 20:34 | Build | Farm |
| 20:35 | Build | Farm |
| 20:35 | Build | Farm |
| 20:35 | Build | Farm |
| 20:35 | Build | Farm |
| 20:36 | Build | Farm |
| 20:40 | Create | Gbeto |
| 20:47 | Create | Villager (Male) |
| 21:04 | Create | Villager (Male) |
| 21:09 | Build | House |
| 21:15 | Create | Gbeto |
| 21:22 | Create | Villager (Male) |
| 21:25 | Build | Town Center |
| 21:54 | Create | Villager (Male) |
| 21:57 | Create | Villager (Male) |
| 21:57 | Create | Villager (Male) |
| 22:00 | Build | Farm |
| 22:01 | Build | Farm |
| 22:01 | Build | Farm |
| 22:01 | Build | Farm |
| 22:01 | Build | Farm |
| 22:02 | Build | Farm |
| 22:02 | Build | Farm |
| 22:02 | Build | Farm |
| 22:03 | Create | Villager (Male) |
| 22:26 | Create | Villager (Male) |
| 22:26 | Create | Villager (Male) |
| 22:26 | Create | Villager (Male) |
| 22:32 | Research | Squires |
| 22:33 | Research | Squires |
| 22:36 | Create | Villager (Male) |
| 22:36 | Create | Villager (Male) |
| 23:03 | Create | Villager (Male) |
| 23:06 | Create | Villager (Male) |
| 23:06 | Create | Villager (Male) |
| 23:09 | Build | Market |
| 23:12 | Create | Villager (Male) |
| 23:21 | Create | Villager (Male) |
| 23:25 | Create | Gbeto |
| 23:32 | Create | Villager (Male) |
| 23:54 | Create | Villager (Male) |
| 23:55 | Create | Villager (Male) |
| 24:03 | Create | Villager (Male) |
| 24:04 | Create | Villager (Male) |
| 24:04 | Create | Villager (Male) |
Match timeline
| 8:27 | Ux'Tycho0201 · age_up feudal |
| 9:15 | thanh7531 · first_building Barracks |
| 10:24 | [GdSur] Mate_Amargo · age_up feudal |
| 10:26 | CTM | Crawly94 · age_up feudal |
| 10:38 | Albert · age_up feudal |
| 10:40 | thanh7531 · age_up feudal |
| 10:42 | thanh7531 · first_building Stable |
| 10:55 | Ux'DonChauron · age_up feudal |
| 10:58 | 托尼 · age_up feudal |
| 11:21 | paulovmcm · age_up feudal |
| 11:24 | [GdSur] Mate_Amargo · first_market_sell 500 stone |
| 11:26 | [GdSur] Mate_Amargo · first_market_buy 100 food |
| 12:16 | Albert · first_building Barracks |
| 13:43 | CTM | Crawly94 · age_up castle |
| 14:19 | Albert · age_up castle |
| 14:46 | [GdSur] Mate_Amargo · age_up castle |
| 14:51 | Ux'DonChauron · age_up castle |
| 14:52 | thanh7531 · age_up castle |
| 14:52 | paulovmcm · age_up castle |
| 14:54 | Ux'DonChauron · first_building Castle |
| 14:55 | Albert · first_building Siege Workshop |
| 14:56 | 托尼 · age_up castle |
| 14:59 | Ux'DonChauron · first_building Siege Workshop |
| 15:15 | paulovmcm · first_building Castle |
| 15:29 | Albert · first_market_buy 100 wood |
| 15:33 | Albert · first_building Monastery |
| 15:46 | 托尼 · first_building Monastery |
| 15:56 | [GdSur] Mate_Amargo · wall_segment Stone Wall x1 |
| 16:09 | [GdSur] Mate_Amargo · wall_segment Stone Wall x1 |
| 16:20 | Ux'Tycho0201 · first_building Barracks |
| 16:57 | CTM | Crawly94 · first_market_buy 100 food |
| 17:27 | Ux'Tycho0201 · first_building Stable |
| 18:07 | [GdSur] Mate_Amargo · first_building Siege Workshop |
| 19:02 | Ux'DonChauron · wall_segment Stone Wall x1 |
| 19:11 | Ux'DonChauron · first_building Barracks |
| 19:29 | Ux'Tycho0201 · age_up castle |
| 19:30 | Ux'DonChauron · first_market_buy 100 food |
| 19:50 | Ux'Tycho0201 · first_market_buy 100 food |
| 20:26 | Albert · first_market_sell 100 wood |
| 20:50 | [GdSur] Mate_Amargo · first_building Monastery |
| 21:32 | [GdSur] Mate_Amargo · wall_segment Stone Wall x23 |
| 22:26 | CTM | Crawly94 · first_building Barracks |
| 22:32 | [GdSur] Mate_Amargo · first_building Barracks |
| 23:31 | [GdSur] Mate_Amargo · first_building Archery Range |
| 23:53 | Albert · wall_segment Palisade Wall x1 |
| 23:55 | CTM | Crawly94 · first_building Stable |
| 23:55 | Albert · wall_segment Palisade Wall x1 |
| 24:28 | Ux'Tycho0201 · first_market_sell 100 wood |
| 25:09 | 托尼 · first_market_buy 100 food |
| 25:26 | thanh7531 · first_building Castle |
| 25:29 | [GdSur] Mate_Amargo · first_building Castle |
| 25:33 | 托尼 · first_building Castle |
| 25:59 | Ux'Tycho0201 · first_building Castle |
| 26:08 | 托尼 · first_building Barracks |
| 27:02 | CTM | Crawly94 · first_building Siege Workshop |
| 27:12 | Albert · wall_segment Palisade Wall x1 |
| 27:31 | 托尼 · first_building Stable |
| 27:36 | thanh7531 · first_market_sell 500 stone |
| 27:48 | paulovmcm · first_market_buy 100 wood |
| 28:27 | CTM | Crawly94 · first_market_sell 100 wood |
| 28:43 | 托尼 · age_up imperial |
| 29:37 | Ux'DonChauron · first_building Archery Range |
| 29:47 | CTM | Crawly94 · first_building Castle |
| 30:05 | Ux'DonChauron · first_building Monastery |
| 31:04 | paulovmcm · first_building Barracks |
| 31:56 | CTM | Crawly94 · age_up imperial |
| 32:20 | paulovmcm · first_building Archery Range |
| 32:36 | Ux'DonChauron · age_up imperial |
| 32:51 | Ux'Tycho0201 · first_building Siege Workshop |
| 33:12 | Ux'Tycho0201 · age_up imperial |
| 35:37 | paulovmcm · age_up imperial |
| 37:14 | 托尼 · first_building Siege Workshop |
| 37:18 | thanh7531 · wall_segment Stone Wall x14 |
| 37:26 | thanh7531 · wall_segment Stone Wall x5 |
| 37:39 | thanh7531 · first_building Archery Range |
| 38:18 | Ux'DonChauron · first_building Stable |
| 38:32 | 托尼 · tribute_sent a jugador 2 |
| 38:32 | 托尼 · tribute_sent a jugador 3 |
| 38:32 | 托尼 · tribute_sent a jugador 4 |
| 38:32 | 托尼 · tribute_sent a jugador 5 |
| 38:32 | 托尼 · tribute_sent a jugador 6 |
| 38:32 | 托尼 · tribute_sent a jugador 7 |
| 38:32 | 托尼 · tribute_sent a jugador 8 |
| 39:59 | thanh7531 · age_up imperial |
| 41:19 | CTM | Crawly94 · tribute_sent a jugador 1 |
| 41:19 | CTM | Crawly94 · tribute_sent a jugador 3 |
| 41:19 | CTM | Crawly94 · tribute_sent a jugador 4 |
| 41:19 | CTM | Crawly94 · tribute_sent a jugador 5 |
| 41:19 | CTM | Crawly94 · tribute_sent a jugador 6 |
| 41:19 | CTM | Crawly94 · tribute_sent a jugador 7 |
| 41:19 | CTM | Crawly94 · tribute_sent a jugador 8 |
| 41:33 | CTM | Crawly94 · tribute_sent a jugador 1 |
| 41:33 | CTM | Crawly94 · tribute_sent a jugador 3 |
| 41:33 | CTM | Crawly94 · tribute_sent a jugador 4 |
| 41:33 | CTM | Crawly94 · tribute_sent a jugador 5 |
| 41:34 | CTM | Crawly94 · tribute_sent a jugador 6 |
| 41:34 | CTM | Crawly94 · tribute_sent a jugador 7 |
| 41:34 | CTM | Crawly94 · tribute_sent a jugador 8 |
| 42:19 | 托尼 · first_building Archery Range |
| 42:30 | 托尼 · first_market_sell 500 food |
| 44:39 | Albert · wall_segment Stone Wall x1 |
| 44:51 | Albert · wall_segment Stone Wall x1 |
| 45:22 | [GdSur] Mate_Amargo · wall_segment Stone Wall x1 |
| 46:34 | 托尼 · tribute_sent a jugador 2 |
| 46:34 | 托尼 · tribute_sent a jugador 3 |
| 46:34 | 托尼 · tribute_sent a jugador 4 |
| 46:34 | 托尼 · tribute_sent a jugador 5 |
| 46:34 | 托尼 · tribute_sent a jugador 6 |
| 46:34 | 托尼 · tribute_sent a jugador 7 |
| 46:34 | 托尼 · tribute_sent a jugador 8 |
| 46:53 | thanh7531 · wall_segment Stone Wall x14 |
| 48:22 | thanh7531 · wall_segment Stone Wall x12 |
| 48:59 | paulovmcm · resign |
[ AI ANALYSIS · 1 CREDIT ]
What really happened in this match?
Wolo.gg analyzes every decision: build order, eco, micro, common mistakes by bracket. Personalized analysis on WhatsApp or Discord in 30 seconds.
Civ guide
Persians
Perfil
CTM | Crawly94